 Dungeon Crawl Stone Soup version 0.26.0-10-g1f06aea511 (webtiles) character file.

Game seed: 180161820428345469

46 Dracia the Magician (level 3, 0/25 HPs)
             Began as a Gnoll Hedge Wizard on Jan 15, 2021.
             Killed by divine providence
             ... invoked by an orc priest
              (16 damage)
             ... on level 3 of the Dungeon.
             The game lasted 00:02:25 (1922 turns).

Dracia the Magician (Gnoll Hedge Wizard)            Turns: 1922, Time: 00:02:26

Health: 0/25       AC:  4    Str: 12    XL:     3   Next: 68%
Magic:  17/20      EV: 14    Int: 17    God:
Gold:   115        SH:  0    Dex: 14    Spells: 3/16 levels left

rFire    . . .     SeeInvis .   m - +2 short sword (protect)
rCold    . . .     Faith    .   (no shield)
rNeg     + . .     Spirit   .   k - +2 robe {rN+}
rPois    .         Reflect  .   c - +0 hat
rElec    .         Harm     .   (no cloak)
rCorr    .         Rampage  .   (no gloves)
Will     .....                  (no boots)
Stlth    +++.......             (no amulet)
HPRegen  0.08/turn              Z - ring of wizardry
MPRegen  0.17/turn              W - ring of magical power

@: no status effects
A: distributed training, fangs 1, strong nose
a: no special abilities


You were on level 3 of the Dungeon.
You visited 1 branch of the dungeon, and saw 3 of its levels.

You collected 115 gold pieces.


Innate Abilities, Weirdness & Mutations

Your experience applies equally to all skills.
You have very sharp teeth.
Your uncanny sense of smell can sniff out nearby items.


   Skills:
 + Level 0.9 Fighting
 + Level 0.9 Short Blades
 + Level 0.9 Long Blades
 + Level 0.9 Axes
 + Level 0.9 Maces & Flails
 + Level 0.9 Polearms
 + Level 0.9 Staves
 + Level 0.9 Slings
 + Level 0.9 Bows
 + Level 0.9 Crossbows
 + Level 0.9 Throwing
 + Level 0.9 Armour
 + Level 4.5 Dodging
 + Level 4.2 Stealth
 + Level 0.9 Shields
 + Level 0.9 Unarmed Combat
 + Level 7.1 Spellcasting
 + Level 2.1 Conjurations
 + Level 0.6 Hexes
 + Level 2.1 Summonings
 + Level 0.6 Necromancy
 + Level 2.1 Translocations
 + Level 0.6 Transmutations
 + Level 0.6 Fire Magic
 + Level 0.6 Ice Magic
 + Level 0.6 Air Magic
 + Level 0.6 Earth Magic
 + Level 0.6 Poison Magic
 + Level 1.0 Invocations
 + Level 0.9 Evocations


You had 3 spell levels left.
You knew the following spells:

 Your Spells              Type           Power        Failure   Level
c - Call Imp              Summ           13%          2%          2
f - Conjure Flame         Conj/Fire      10%          8%          3
m - Mephitic Cloud        Conj/Pois/Air  10%          9%          3
s - Slow                  Hex            8%           5%          2
z - Magic Dart            Conj           52%          1%          1
I - Blink                 Tloc           N/A          2%          2

Your spell library contained the following spells:

 Spells                   Type           Power        Failure   Level


Inventory:

Hand Weapons
 a - a +0 dagger
 m - a +2 short sword of protection (weapon)
Missiles
 f - 12 poisoned darts
Armour
 b - a +0 robe
 c - a +0 hat (worn)
 i - a +0 buckler
 k - a +2 robe of positive energy (worn)
 o - a +0 leather armour
Jewellery
 W - a ring of magical power (right hand)
 Z - a ring of wizardry (left hand)
Scrolls
 d - 4 scrolls of identify {@r1@r1}
 j - a scroll of immolation {unknown}
 n - a scroll of teleportation {unknown}
Potions
 e - a potion of attraction
 g - a potion of flight {unknown}
 h - 2 potions of curing {unknown}
 l - a potion of might {unknown}
 p - a potion of mutation {unknown}
 q - a potion of invisibility {unknown}
 r - a potion of heal wounds {unknown}

Dungeon Overview and Level Annotations

Branches:
Dungeon (3/15)

Altars:
Fedhas
Gozag
Hepliaklqana

#...<##.#...#.#
####....##.......#
#.........##.#####
#.........##.#
#.........##.#
####...#####.#
#...# #.#######
#...# #.......#
##@## #######.#
#...# #.# ...#o..
#.# #.##.
oo....######.## #
#. ..............#
.o ......######..#
.B o.....# #..#
#.# #.....# #..#
#..##


You could see 2 orc priests, 3 orcs and a giant cockroach.


Message History

Found a bubbling pink potion.
q - a glowing red potion
r - a bubbling pink potion
Found a bubbling silvery potion.
Found an escape hatch in the ceiling.
h - 2 bubbling silvery potions (gained 1)
An orc and 2 orc priests come into view.
The orc priest shouts!
You hear a shout!
An orc comes into view. It is wielding a +0 dagger.
The orc priest mumbles some strange prayers to Beogh against you.
Beogh smites you!
The orc priest looks braver for a moment.
The orc moves out of view.
The magic dart hits the orc priest.
The orc priest is moderately wounded.
The orc shouts!
The magic dart hits the orc priest.
The orc priest is lightly wounded.
The orc shouts!
The orc priest looks braver for a moment.
The magic dart hits the orc priest.
The orc priest is moderately wounded.
A giant cockroach comes into view.
An orc comes into view. It is wielding a +0 whip.
The orc priest calls upon Beogh to heal the orc priest.
The orc priest's wounds heal themselves!
The orc priest mumbles some strange prayers to Beogh against you.
Beogh smites you!
Ouch! That really hurt!
You die...

Skill      XL: |  1  2  3 |
---------------+----------+-----
Conjurations   | 2 |  2.1
Summonings     | 2 |  2.1
Translocations | 2 |  2.1
Invocations    | 1 |  1.0
Fighting       | |  0.9
Short Blades   | |  0.9
Long Blades    | |  0.9
Axes           | |  0.9
Maces & Flails | |  0.9
Polearms       | |  0.9
Staves         | |  0.9
Slings         | |  0.9
Bows           | |  0.9
Crossbows      | |  0.9
Throwing       | |  0.9
Armour         | |  0.9
Dodging        | |  4.5
Stealth        | |  4.2
Shields        | |  0.9
Unarmed Combat | |  0.9
Spellcasting   | |  7.1
Hexes          | |  0.6
Necromancy     | |  0.6
Transmutations | |  0.6
Fire Magic     | |  0.6
Ice Magic      | |  0.6
Air Magic      | |  0.6
Earth Magic    | |  0.6
Poison Magic   | |  0.6
Evocations     | |  0.9

Action                   || total
-------------------------++-------
Melee: Dagger            ||    33
       Bite              ||     2
       Short sword       ||     7
 Cast: Magic Dart        ||    73
  Use: Scroll            ||     4
Armor: Robe              ||    11
Dodge: Dodged            ||    35

Levels and vault maps discovered:
D:1:      lightli_arrival_lavapool, layout_basic
D:2:      layout_rooms, nicolae_gozag_seed_capital, nzn_hepliaklqana_mist_gate,
          grunt_ministairs_14, fedhas_altar_1
D:3:      layout_loops_ring, old_standard_altar, lemuel_coloured_pillars_altar,
          chequers_serial_rivers_marsh

Notes
Turn   | Place    | Note
-------+----------+-------------------------------------------
     0 | D:1      | Dracia the Gnoll Hedge Wizard began the quest for the Orb.
     0 | D:1      | Reached XP level 1. HP: 13/13 MP: 8/8
    18 | D:1      | Reached skill level 2 in Conjurations
    18 | D:1      | Reached skill level 2 in Summonings
    18 | D:1      | Reached skill level 2 in Translocations
    56 | D:1      | Reached XP level 2. HP: 19/19 MP: 8/10
   605 | D:1      | Learned a level 2 spell: Blink
   608 | D:1      | Learned a level 2 spell: Call Imp
   611 | D:1      | Learned a level 2 spell: Slow
   815 | D:2      | Found a blossoming altar of Fedhas.
   871 | D:2      | Found an opulent altar of Gozag.
  1012 | D:2      | Reached XP level 3. HP: 25/25 MP: 8/11
  1016 | D:2      | Learned a level 3 spell: Conjure Flame
  1020 | D:2      | Learned a level 3 spell: Mephitic Cloud
  1115 | D:2      | Found a hazy altar of Hepliaklqana.
  1271 | D:2      | Reached skill level 1 in Invocations
  1689 | D:3      | Found a blossoming altar of Fedhas.
  1922 | D:3      | Killed from afar by an orc priest

Vanquished Creatures
  An adder (D:2)
  An ooze (D:1)
  2 leopard geckos (D:1)
  3 bats
  A giant cockroach (D:3)
  2 goblins (D:2)
  6 hobgoblins
  4 jackals (D:2)
  2 frilled lizards
  5 kobolds
  A rat (D:1)
28 creatures vanquished.

Table legend: (Time is in decaauts)
 A = Elapsed time spent in this place.
 B = Non-inter-level travel time spent in this place.
 C = Inter-level travel time spent in this place.
 D = Time resting spent in this place.
 E = Time spent auto-exploring this place.
 F = Levels seen in this place.
 G = Mean time per level.
                   A        B        C        D        E       F      G
               +--------+--------+--------+--------+--------+-----+--------+
         Total |   1919 |   1861 |     58 |      0 |   1625 |   3 |  639.7 |
       Dungeon |   1919 |   1861 |     58 |      0 |   1625 |   3 |  639.7 |
               +--------+--------+--------+--------+--------+-----+--------+

Top non-repeatable levels by time:
     D:2: 831 daAuts
     D:1: 812 daAuts
     D:3: 275 daAuts

Table legend:
 A = Non-vault XP
 B = Vault XP
 C = Vault XP percentage of total XP
 D = Non-vault monster count
 E = Vault monster count
 F = Vault count percentage of total count
                 A         B        C        D         E       F
            +---------+---------+-------+---------+---------+-------
      Total |      63 |       4 |   6.0 |      26 |       2 |   7.1
            +---------+---------+-------+---------+---------+-------
        D:1 |      24 |       0 |   0.0 |      11 |       0 |   0.0
        D:2 |      30 |       4 |  11.8 |      10 |       2 |  16.7
        D:3 |       9 |       0 |   0.0 |       5 |       0 |   0.0
            +---------+---------+-------+---------+---------+-------
